 Dungeon Crawl Stone Soup version 0.31.0-9-g3a7656b989 (webtiles) character file.

Game seed: 5247237591344489888

60703 DarkMedievalTimes the Grappler (level 14, 0/144 HPs)
             Began as a Troll Shapeshifter on Jan 30, 2024.
             Was the Champion of Fedhas.
             Slain by a cane toad (21 damage)
             ... on level 5 of the Lair of Beasts.
             The game lasted 00:50:02 (17329 turns).

DarkMedievalTimes the Grappler (TrSh)              Turns: 17329, Time: 00:50:02

Health: 0/144      AC:  9    Str: 25    XL:     14   Next: 57%
Magic:  15/18      EV: 17    Int:  6    God:    Fedhas [******]
Gold:   680        SH:  0    Dex: 13    Spells: 12/13 levels left

rFire   . .          .
                       - Unarmed
rCold   + . .        (shield currently unavailable)
rNeg    . . .        a - melded +0 animal skin
rPois   .            T - +2 hood of the Assassin {Detect Stab+ Stlth++}
rElec   .            v - +0 cloak
rCorr   .            (gloves unavailable)
SInv    .            (boots unavailable)
Will    ++...        Q - amulet of regeneration
Stlth   ++           N - ring of Ymamneij {rC+ AC+4}
HPRegen 2.04/turn    C - ring of willpower
MPRegen 0.16/turn

%: no passive effects
@: lethally poisoned (0 -> -6), about to teleport, flux-form, slowed, glowing,
very slow
A: glow, contaminating, large, unfitting armour, claws 3, regeneration 1, shaggy
fur 1, tough skin 1
a: Begin Untransformation, Renounce Religion, Wall of Briars, Grow
Ballistomycete, Overgrow, Grow Oklob


You were on level 5 of the Lair of Beasts.
You worshipped Fedhas.
Fedhas was exalted by your worship.
You were something dangerously unstable.
You visited 3 branches of the dungeon, and saw 17 of its levels.
You also visited: Ossuary and Bailey.

You collected 1048 gold pieces.
You spent 368 gold pieces at shops.

Inventory:

Hand Weapons
 D - a +1 dagger of venom
Missiles
 f - 15 poisoned darts
 q - 2 throwing nets
 y - 16 boomerangs (quivered)
 M - 5 curare-tipped darts
Armour
 a - a +0 animal skin (melded)
 v - a +0 cloak (worn)
 T - the +2 hood of the Assassin (worn) {Detect Stab+ Stlth++}
   (You found it on level 5 of the Lair of Beasts)

   Detect:    It allows the wearer to sense nearby creatures.
   Stab+:     It allows the wearer to make particularly effective stabbing
   attacks against helpless or unaware enemies with any weapon.
   Stlth++:   It makes you much more stealthy.
Jewellery
 l - the ring of Fiuruvic {Ice rN+ SInv}
   (You found it on level 3 of the Lair of Beasts)

   [ring of ice]

   Ice:       It enhances your ice magic.
   rF-:       It makes you vulnerable to fire.
   rC+:       It protects you from cold.
   rN+:       It protects you from negative energy.
   SInv:      It lets you see invisible.
 r - the ring of Vudghiov {rC+ Str+3 Dex+3}
   (You found it in a bailey)

   [ring of protection from cold]

   Str+3:     It affects your strength (+3).
   Dex+3:     It affects your dexterity (+3).
   rC+:       It protects you from cold.
 w - a ring of flight
 x - a +4 ring of protection
 A - a +6 ring of dexterity
 C - a ring of willpower (right claw)
 N - the ring of Ymamneij (left claw) {rC+ AC+4}
   (You found it on level 10 of the Dungeon)

   [ring of protection]

   AC+4:      It affects your AC (+4).
   rC+:       It protects you from cold.
 Q - an amulet of regeneration (around neck)
Talismans
 c - a beast talisman
 d - a flux talisman (active)
Wands
 p - a wand of charming (34)
 z - a wand of roots (11)
 B - a wand of light (9)
 J - a wand of mindburst (17)
 R - a wand of digging (4)
Scrolls
 e - 4 scrolls of teleportation
 h - 2 scrolls of silence
 i - 3 scrolls of fear
 E - 2 scrolls of fog
 F - 2 scrolls of revelation
 H - 3 scrolls of immolation
 L - a scroll of poison
 O - a scroll of identify
Potions
 b - 2 potions of lignification
 g - 2 potions of magic
 j - 4 potions of might
 k - 2 potions of curing
 m - a potion of ambrosia
 n - 2 potions of resistance
 o - 6 potions of brilliance
 t - 4 potions of enlightenment
 u - 4 potions of haste
 G - 4 potions of attraction
 I - 2 potions of invisibility
 K - 3 potions of heal wounds
 S - a potion of berserk rage
Miscellaneous
 P - a phial of floods


   Skills:
 * Level 10.7 Fighting
 + Level 7.8 Throwing
 + Level 7.8 Dodging
 * Level 13.0 Unarmed Combat
 + Level 7.3 Invocations
 * Level 12.0 Shapeshifting


You had 12 spell levels left.
You knew the following spells:

 Your Spells              Type           Power      Damage    Failure   Level
a - Apportation           Tloc           0%         N/A       45%         1

Your spell library contained the following spells:

 Spells                   Type           Power      Damage    Failure   Level
 Kiss of Death            Conj/Necr      0%         2d5       45%         1
 Magic Dart               Conj           0%         1d3       45%         1
 Sandblast                Erth           0%         2d4       45%         1
 Jinxbite                 Hex            0%         N/A       58%         2
 Searing Ray              Conj           0%         2d4       58%         2
 Confusing Touch          Hex            0%         N/A       83%         3
 Dazzling Flash           Conj/Hex       0%         N/A       83%         3
 Passwall                 Erth           0%         N/A       83%         3
 Stone Arrow              Conj/Erth      0%         3d7       83%         3
 Brom's Barrelling Bould  Conj/Erth      0%         2d3       99%         4
 Dispel Undead            Necr           0%         3d6       99%         4
 Leda's Liquefaction      Alch/Erth      0%         N/A       99%         4
 Alistair's Intoxication  Alch           0%         N/A       100%        5
 Borgnjor's Vile Clutch   Necr/Erth      0%         N/A       100%        5
 Lee's Rapid Deconstruct  Erth           0%         3d4*      100%        5
 Bombard                  Conj/Erth      0%         9d1       100%        6


Dungeon Overview and Level Annotations

Branches:
Dungeon (11/15)            Temple (1/1) D:6            Lair (5/5) D:9
 Shoals (0/4) Lair:2        Snake (0/4) Lair:3        Slime (0/5) Lair:4
Ossuary (visited)          Bailey (visited)
    Orc: D:9-12

Altars:
Ashenzari
Cheibriados
Dithmenos
Elyvilon
Fedhas
Gozag
Hepliaklqana
Kikubaaqudgha
Makhleb
Nemelex Xobeh
Okawaru
Qazlal
Ru
Sif Muna
Trog
Uskayaw
Vehumet
Wu Jian
Xom
Yredelemnul
Zin
The Shining One
Jiyva

Shops:
D:2 =***[   D:10 (

Portals:
Hell: Lair:5

Annotations:
Lair:5 2 transporters, DarkMedievalTimes's ghost, journeyman NaAl


Innate Abilities, Weirdness & Mutations

You are something dangerously unstable.
You glow with magical radiation, making you easy to see and hit.
Foes you strike become dangerously contaminated with magical radiation.
You are incapable of wielding weapons or throwing items.
You are too large for most types of armour.
You have claws for hands.
Your natural rate of healing is unusually fast.
You are covered in fur. (AC +1)
You have tough skin. (AC +1)


Message History

DarkMedievalTimes's ghost ripples.
You feel very sick.
You are more poisoned.
The wolf attacks as it pursues you! The wolf misses you.
The wolf completely misses you.
Unknown command.
You feel extremely sick.
You are more poisoned. x2
The wolf misses you. The wolf barely misses you.
DarkMedievalTimes's ghost casts a spell.
DarkMedievalTimes's ghost blinks!
You feel extremely sick.
You are more poisoned.
The wolf misses you.
You feel extremely sick.
You are more poisoned.
* * * LOW HITPOINT WARNING * * *
You are more poisoned.
The wolf misses you. The yak misses you. The wolf bites you.
* * * LOW HITPOINT WARNING * * *
Unknown command.
You feel better.
You are poisoned.
The wolf closely misses you.
DarkMedievalTimes's ghost gestures wildly while chanting.
DarkMedievalTimes's ghost blinks!
The yak closely misses you. The wolf completely misses you.
The cane toad barely misses you.
Unknown command.
As you read the scroll of teleportation, it crumbles to dust.
You feel strangely unstable.
You feel very sick.
* * * LOW HITPOINT WARNING * * *
You are more poisoned.
DarkMedievalTimes's ghost's toxic aura wanes.
The wolf closely misses you. The yak gores you!
* * * LOW HITPOINT WARNING * * *
The wolf bites you!
* * * LOW HITPOINT WARNING * * *
The cane toad stings you!!
You die...
Fedhas appreciates your contribution to the ecosystem.

##..........#....##### ##.......
#..............##...###........
##.............................
#.............................
##.....##.....................
#.....####.............######
#P#....# ###..#........#
####.######..F..###...##
####.....#....p#..###...######
#.#...........hY...........#.#
#...........................##
##.....#...W.................#
##...###...ยง.....w..........#
#....##....................##
##....##...................#
#####...###...................##
.##......###...................#


You could see a torpor snail, a yak, a cane toad, a wolf and DarkMedievalTimes's
ghost.

Vanquished Creatures
  Gastronok (D:8)
  6 hydras
  A catoblepas (Lair:1)
  A two-headed ogre (D:10)
  3 death yaks (Lair:5)
  5 skysharks
  A sixfirhy (Lair:5)
  An arcanist (Lair:5)
  An ugly thing (D:11)
  A cyclops (Lair:2)
  19 elephants
  6 black mambas
  A gargoyle (Bailey)
  15 cane toads
  Maggie (Lair:2)
  3 orange demons (Lair:5)
  2 torpor snails
  4 kobold demonologists (D:11)
  6 rime drakes
  18 komodo dragons
  An unseen horror (D:11)
  Psyche (D:8)
  A hellwing (Lair:5)
  A red devil (Lair:5)
  2 ice devils (Lair:5)
  3 polar bears
  A troll (D:11)
  A tyrant leech (D:10)
  13 blink frogs
  Prince Ribbit (D:8)
  3 dream sheep (Lair:4)
  A shadow (D:7)
  4 wyverns
  3 vampires
  45 yaks
  Eustachio (D:4)
  16 vampire mosquitoes
  4 basilisks
  3 swamp worms (D:10)
  2 acid dragons
  27 water moccasins
  3 hell hounds (Lair:5)
  An ice beast (D:7)
  3 orc warriors
  2 black bears
  An ogre (D:5)
  13 wolves
  A phantom (D:5)
  6 centaurs
  3 kobold brigands (D:11)
  A weeping skull (Ossuary)
  2 elf zombies (Ossuary)
  4 scorpions
  11 bullfrogs
  3 gnoll sergeants
  7 wights
  14 killer bees
  7 vampire bats (Bailey)
  4 howler monkeys (D:8)
  9 wolf zombies (Bailey)
  2 bombardier beetles (D:4)
  4 centaur zombies (Ossuary)
  4 hounds
  6 orc priests
  2 human zombies (Ossuary)
  2 gnoll boudas (D:7)
  Crazy Yiuf (D:2)
  A jelly (D:4)
  Terence (D:2)
  Ijyb (D:4)
  3 iguanas
  10 orc wizards
  2 hell rats (Lair:3)
  A bullfrog simulacrum (Ossuary)
  3 mummies (Ossuary)
  2 adders
  27 gnolls
  11 river rats (Lair:3)
  A white imp (D:6)
  2 ufetubi
  3 adder zombies (Ossuary)
  5 dart slugs
  2 ribbon worms
  26 orcs
  6 ball pythons
  8 endoplasms
  A giant cockroach (D:1)
  A gnoll zombie (Ossuary)
  8 hobgoblins
  A jackal (D:2)
  2 quokkas
  7 ball python zombies (Ossuary)
  6 bats
  6 frilled lizards
  14 goblins
  4 jackal zombies (Ossuary)
  12 kobolds
  3 kobold zombies (Ossuary)
  16 orc zombies
  7 rats
  2 ballistomycete spores
551 creatures vanquished.

Vanquished Creatures (collateral kills)
  50 ballistomycete spores
50 creatures vanquished.

Vanquished Creatures (others)
  A gnoll (D:8)
  A goblin (D:8)
  2 ballistomycete spores (Lair:5)
4 creatures vanquished.

Grand Total: 605 creatures vanquished

Notes
Turn   | Place    | Note
-------+----------+-------------------------------------------
     0 | D:1      | DarkMedievalTimes the Troll Shapeshifter began the quest
                  | for the Orb.
     0 | D:1      | Reached XP level 1. HP: 18/18 MP: 0/0
    59 | D:1      | Reached skill level 1 in Fighting
    75 | D:1      | Reached XP level 2. HP: 27/27 MP: 1/1
   177 | D:1      | Reached XP level 3. HP: 33/33 MP: 2/2
   200 | D:1      | Found a faded altar of an unknown god.
   617 | D:2      | Found Paunky's Assorted Antiques.
   655 | D:2      | Bought a fuming silvery potion for 29 gold pieces
   655 | D:2      | Bought a brown potion for 29 gold pieces
   714 | D:2      | Reached XP level 4. HP: 42/42 MP: 3/3
   743 | D:2      | Noticed Terence
   750 | D:2      | Killed Terence
   805 | D:2      | Found Fosiag's Jewellery Shop.
   835 | D:2      | Found Ceolan's General Store.
   925 | D:2      | Found Zopnuem's Antique Armour Shop.
  1012 | D:2      | Found a runed translucent door.
  1013 | D:2      | Noticed Crazy Yiuf
  1064 | D:2      | Found Plog's General Store.
  1412 | D:3      | Found an ancient bone altar of Kikubaaqudgha.
  1431 | D:3      | Found a white marble altar of Elyvilon.
  1503 | D:3      | Found a hazy altar of Hepliaklqana.
  1674 | D:4      | Reached XP level 5. HP: 33/49 MP: 4/4
  1679 | D:4      | Reached skill level 4 in Unarmed Combat
  1766 | D:4      | Found a basalt altar of Yredelemnul.
  1780 | D:4      | Noticed Ijyb
  1807 | D:4      | Killed Ijyb
  1920 | D:4      | Noticed Eustachio
  2075 | D:4      | Killed Eustachio
  2076 | D:4      | Reached XP level 6. HP: 41/59 MP: 5/5
  2675 | D:4      | Found an iron altar of Okawaru.
  2765 | D:5      | Entered Level 5 of the Dungeon
  2883 | D:5      | Reached skill level 5 in Unarmed Combat
  2883 | D:5      | Reached XP level 7. HP: 25/67 MP: 6/6
  2958 | D:5      | You fall into a shaft and drop 1 floor!
  2989 | D:6      | Reached skill level 5 in Shapeshifting
  3370 | D:2      | Bought a silvery potion for 29 gold pieces
  3370 | D:2      | Bought a scroll labelled AXOCHOITO for 33 gold pieces
  3370 | D:2      | Bought a scroll labelled IFOERCH BAIFI for 33 gold pieces
  3370 | D:2      | Bought a scroll labelled KEPYAD LOIPH for 33 gold pieces
  3370 | D:2      | Bought a scroll labelled RIOCVETWUWEM for 33 gold pieces
  3370 | D:2      | Bought 3 scrolls labelled RIOCVETWUWEM for 99 gold pieces
  3439 | D:2      | Killed Crazy Yiuf
  3443 | D:2      | Identified the +4 hammer "Rojosaul" {drain, Str+6}
  3801 | D:5      | Found a broken altar of Ashenzari.
  3804 | D:5      | Found a sacrificial altar of Ru.
  3902 | D:6      | Reached XP level 8. HP: 46/78 MP: 7/7
  4197 | D:6      | Found a staircase to the Ecumenical Temple.
  4217 | Temple   | Entered the Ecumenical Temple
  4222 | Temple   | Became a worshipper of Fedhas Madash
  4275 | D:6      | Reached skill level 6 in Unarmed Combat
  4773 | D:7      | Found a sand-covered staircase.
  4830 | Ossuary  | Entered an ossuary
  4865 | Ossuary  | Reached * piety under Fedhas
  4948 | Ossuary  | Reached skill level 1 in Invocations
  5149 | D:7      | Reached skill level 5 in Fighting
  5194 | D:6      | Reached ** piety under Fedhas
  5271 | D:6      | Reached XP level 9. HP: 25/88 MP: 9/9
  5508 | D:7      | Reached skill level 7 in Unarmed Combat
  6286 | D:8      | Noticed Prince Ribbit
  6384 | D:8      | Killed Prince Ribbit
  6443 | D:8      | Found a flagged portal.
  6443 | D:8      | Noticed Psyche
  6460 | Bailey   | Entered a bailey
  6675 | Bailey   | Reached skill level 8 in Unarmed Combat
  6688 | Bailey   | Reached *** piety under Fedhas
  6698 | Bailey   | Reached XP level 10. HP: 96/98 MP: 11/11
  6775 | Bailey   | Identified the ring of Vudghiov {rC+ Str+3 Dex+3}
  6831 | Bailey   | Noticed a gargoyle
  6849 | Bailey   | Killed a gargoyle
  6978 | D:8      | Killed Psyche
  7166 | D:8      | Reached skill level 5 in Dodging
  7218 | D:8      | Reached **** piety under Fedhas
  7346 | D:8      | Noticed Gastronok
  7364 | D:8      | Killed Gastronok
  7365 | D:8      | Reached skill level 9 in Unarmed Combat
  8088 | D:9      | Reached XP level 11. HP: 105/109 MP: 13/13
  8108 | D:9      | Found a staircase to the Lair.
  8159 | D:9      | Reached ***** piety under Fedhas
  8180 | D:9      | Found a snail-covered altar of Cheibriados.
  8214 | D:9      | Found a sparkling altar of Nemelex Xobeh.
  8471 | D:9      | Found an opulent altar of Gozag.
  8471 | D:9      | Found a glowing silver altar of Zin.
  9033 | D:10     | Entered Level 10 of the Dungeon
  9033 | D:10     | Found Tugys's Weapon Boutique.
  9095 | D:10     | Bought 3 curare-tipped darts for 50 gold pieces
  9108 | D:10     | Reached skill level 1 in Throwing
  9135 | D:10     | Noticed a two-headed ogre
  9145 | D:10     | Killed a two-headed ogre
  9248 | D:10     | Found an ornate altar of the Wu Jian Council.
  9331 | D:10     | Got Aru Kol's Papyrus of the Cwm
  9675 | D:10     | Identified the ring of Ymamneij {rC+ AC+4}
  9681 | D:10     | Got Lehudib's Grimoire of the Impact and Clay
  9980 | D:11     | Reached skill level 10 in Unarmed Combat
 10055 | D:11     | Noticed a white ugly thing
 10061 | D:11     | Killed a purple ugly thing
 10339 | D:11     | Reached skill level 5 in Invocations
 10682 | Lair:1   | Entered Level 1 of the Lair of Beasts
 10717 | Lair:1   | Reached XP level 12. HP: 50/120 MP: 14/14
 11032 | Lair:1   | HP: 5/122 [yak (13)]
 11033 | Lair:1   | HP: 1/122 [yak (5)]
 11315 | Lair:1   | Reached skill level 10 in Shapeshifting
 11453 | Lair:1   | Reached ****** piety under Fedhas
 11776 | Lair:1   | Reached skill level 11 in Unarmed Combat
 11788 | Lair:1   | Reached skill level 5 in Throwing
 11885 | Lair:1   | Noticed a catoblepas
 11897 | Lair:1   | Killed a catoblepas
 11929 | Lair:1   | Noticed a six-headed hydra
 12175 | Lair:2   | Learned a level 1 spell: Apportation
 12256 | Lair:2   | Identified the +6 dagger "Gongaeh" {freeze, Dex+3}
 12392 | Lair:2   | Noticed Maggie
 12409 | Lair:2   | Killed Maggie
 12661 | Lair:2   | Reached XP level 13. HP: 116/131 MP: 16/16
 12793 | Lair:2   | Found a staircase to the Shoals.
 13698 | Lair:3   | Identified the ring of Fiuruvic {Ice rN+ SInv}
 14262 | Lair:3   | Found a staircase to the Snake Pit.
 14702 | Lair:4   | Found a staircase to the Slime Pits.
 14703 | Lair:4   | Found a viscous altar of Jiyva.
 14743 | Lair:4   | Reached skill level 12 in Unarmed Combat
 15105 | Lair:4   | Reached skill level 10 in Fighting
 15413 | Lair:5   | Entered Level 5 of the Lair of Beasts
 15755 | Lair:5   | Reached XP level 14. HP: 90/143 MP: 18/18
 16134 | Lair:5   | Found a transporter.
 16142 | Lair:5   | Noticed DarkMedievalTimes's ghost (journeyman NaAl)
 16733 | Lair:5   | Found a burning altar of Makhleb.
 16850 | Lair:5   | Found a gateway to Hell.
 16850 | Lair:5   | Found the +2 hood of the Assassin {Detect Stab+ Stlth++}
 16949 | Lair:5   | Found a transporter.
 17098 | Lair:5   | Reached skill level 13 in Unarmed Combat
 17329 | Lair:5   | Slain by a cane toad

Illustrated notes

Levels and vault maps discovered:
D:1:      minmay_arrival_radiant_lines, layout_basic,
          ebering_ecumenical_altar_webs, kennysheep_minor_cross
D:2:      minmay_evil_eye, layout_rooms, serial_shops,
          nicolae_shop_temple_entry_statues_fountains, shop,
          nicolae_lakefront_shop, shop, nicolae_shop_rolling_square,
          uniq_crazy_yiuf_cottage, uniq_terence
D:3:      layout_rooms, mainiacjoe_overflow_paths,
          mainiacjoe_overflow_tiny_flanked, mainiacjoe_overflow_small_starburst
D:4:      layout_loops_ring, hellmonk_okawaru_the_only_friend_you_need,
          lemuel_doored_altar, kennysheep_generic_room_3, uniq_ijyb,
          uniq_eustachio
D:5:      layout_basic, nicolae_overflow_hidden_temple, serial_glass,
          glass_columns_a, glass_columns_a, glass_columns_a, glass_columns_a,
          minmay_gold_behind_fungi, hex_tiny
D:6:      layout_loops_ring, minmay_temple_entry_glass, grunt_ministairs_9
D:7:      layout_basic, nicolae_ossuary_entry_ruins
D:8:      layout_cave_pools, enter_bailey_7, serial_library_hellmonk_junction,
          uniq_prince_ribbit1, uniq_gastronok, uniq_psyche
D:9:      layout_roguey, grunt_temple_overflow_gold_and_silver,
          mainiacjoe_overflow_catch_the_wave, lair_entry_dummy
D:10:     layout_roguey, pdpol_wu_jian_five_deadly_venoms, serial_shops, shop,
          worms_lemuel
D:11:     layout_loops_cross, hangedman_decor_push
Temple:   hellmonk_temple_micro_hex
Lair:1:   layout_chaotic_city, nzn_random_ring
Lair:2:   layout_gridlike, mainiacjoe_shoals_entry_four_pools,
          infiniplex_staircase_pool, uniq_maggie
Lair:3:   layout_roguey, minmay_snake_entry_six_corridors, kennysheep_rathole,
          grunt_megastairs_3
Lair:4:   layout_hall_layers, slime_entry_1
Lair:5:   evil_forest, layout_gridlike, gammafunk_ghost_arena

Skill      XL: |  1  2  3  4  5  6  7  8  9 10 11 12 13 14 |
---------------+-------------------------------------------+-----
Fighting       | 1 2 3 4 5 6 7 8 9 10 | 10.7
Dodging        | 2 3 4 5 6 7 |  7.8
Unarmed Combat | 4 5 6 8 9 10 11 12 13 | 13.0
Shapeshifting  | 4 5 6 7 8 9 10 11 12 | 12.0
Invocations    | 1 3 4 5 6 7 |  7.3
Throwing       | 3 5 7 |  7.8

Action                     |  1- 3 |  4- 6 |  7- 9 | 10-12 | 13-15 || total
---------------------------+-------+-------+-------+-------+-------++-------
  Melee: Unarmed           |    95 |   146 |   471 |   758 |   587 ||  2057
         Punch             |     3 |     3 |    24 |     1 |       ||    31
 Invoke: Grow Ballistomyce |       |       |       |     1 |     7 ||     8
         Wall of Briars    |       |       |       |     1 |       ||     1
         Overgrow          |       |       |       |       |     1 ||     1
Ability: Begin Untransform |       |     1 |     2 |     2 |       ||     5
  Evoke: Wand              |       |       |       |     1 |     1 ||     2
    Use: Scroll            |     1 |       |    19 |     9 |     4 ||    33
         Potion            |       |       |     2 |     1 |     2 ||     5
   Stab: Sleeping          |     1 |     2 |     4 |       |       ||     7
         Confused          |       |       |       |     1 |     6 ||     7
         Distracted        |       |       |       |       |     1 ||     1
 Armour: Animal skin       |    42 |    94 |   422 |     3 |       ||   561
         Skin              |       |       |       |   537 |   416 ||   953
  Dodge: Dodged            |    39 |    69 |   303 |   618 |   465 ||  1494
   Form: Beast             |       |     1 |     1 |       |       ||     2
         Flux              |       |       |       |     3 |       ||     3
